 Dungeon Crawl Stone Soup version 0.30-a0-629-gd54f4be4f7 (webtiles) character file.

Game seed: 15419567291105732756

6310 wormed the Covert (level 11, 0/69 HPs)
             Began as a Kobold Brigand on Jan 12, 2023.
             Was a Believer of Uskayaw.
             Slain by a wolf (6 damage)
             ... on level 9 of the Dungeon.
             The game lasted 00:11:21 (8421 turns).

wormed the Covert (Kobold Brigand)                  Turns: 8421, Time: 00:11:22

Health: 0/69       AC: 10    Str: 14    XL:     11   Next: 16%
Magic:  0/13       EV: 27    Int: 12    God:    Uskayaw [**....]
Gold:   1240       SH:  0    Dex: 21    Spells: 10/10 levels left

rFire   . . .      SeeInvis .    q - +10 long sword of Usaufeo {venom, *Corrode rN+++ Str+5}
rCold   . . .      Faith    .    (no shield)
rNeg    + + +      Spirit   +    c - +0 steam dragon scales
rPois   .          Reflect  .    r - +0 helmet
rElec   .          Harm     .    A - +2 cloak
rCorr   .          Rampage  .    h - +0 pair of gloves
Will    .....                    (no boots)
Stlth   ++++++                   D - amulet of guardian spirit
HPRegen 0.31/turn                f - +5 ring of evasion
MPRegen 0.13/turn                (no ring)

@: mighty, slowed, invisible, very slow
A: small, no large weapons, nightstalker 3, low MP 1
a: Renounce Religion, Stomp, Line Pass


You were on level 9 of the Dungeon.
You worshipped Uskayaw.
Uskayaw was noncommittal.
You visited 2 branches of the dungeon, and saw 10 of its levels.

You collected 1240 gold pieces.

Inventory:

Hand Weapons
 p - a +2 dagger of electrocution
 q - the +10 long sword of Usaufeo (weapon) {venom, *Corrode rN+++ Str+5}
   (You took it off a goblin on level 3 of the Dungeon)

   Str:       It affects your strength (+5).
   rN:        It renders you almost immune to negative energy.
   *Corrode:  It may corrode you when you take damage.
Missiles
 d - 55 poisoned darts (quivered)
 e - 6 curare-tipped darts
 l - 2 atropa-tipped darts
 C - a throwing net
Armour
 c - +0 steam dragon scales (worn)
 h - a +0 pair of gloves (worn)
 r - a +0 helmet (worn)
 A - a +2 cloak (worn)
Jewellery
 f - a +5 ring of evasion (left hand)
 D - an amulet of guardian spirit (around neck)
 E - an amulet of the acrobat
Wands
 y - a wand of flame (42)
 F - a wand of light (3)
 G - a wand of paralysis (11)
Scrolls
 a - 2 scrolls of amnesia
 o - 3 scrolls of magic mapping
 u - 2 scrolls of immolation
 v - 3 scrolls of teleportation
 w - 4 scrolls of poison
 B - a scroll of enchant armour
Potions
 g - 6 potions of brilliance
 i - a potion of mutation
 j - 3 potions of might
 m - 5 potions of lignification {unknown}
 n - 2 potions of curing
 t - a potion of flight {unknown}
 x - a potion of attraction {unknown}
 z - 2 potions of haste {unknown}


   Skills:
 + Level 8.8 Fighting
 - Level 10.0 Short Blades
 - Level 2.1 Throwing
 + Level 9.4 Dodging
 + Level 12.2 Stealth
 * Level 5.5 Invocations


You had 10 spell levels left.
You didn't know any spells.
Your spell library contained the following spells:

 Spells                   Type           Power      Damage    Failure   Level
 Freeze                   Ice            0%         1d3       32%         1
 Frozen Ramparts          Ice            0%         1d1       69%         3
 Hailstorm                Conj/Ice       0%         3d3       69%         3
 Tukima's Dance           Hex            0%         N/A       69%         3
 Passage of Golubria      Tloc           0%         N/A       97%         4
 Yara's Violent Unravell  Hex/Tmut       0%         3d3       100%        5


Dungeon Overview and Level Annotations

Branches:
Dungeon (9/15)             Temple (1/1) D:6            Lair (0/5) D:9
    Orc: D:9-12

Altars:
Ashenzari
Cheibriados
Dithmenos
Elyvilon
Fedhas
Gozag
Hepliaklqana
Kikubaaqudgha
Makhleb
Nemelex Xobeh
Okawaru
Qazlal
Ru
Sif Muna
Trog
Uskayaw
Wu Jian
Xom
Yredelemnul
Zin

Shops:
D:7 :

Annotations:
D:9 Harold


Innate Abilities, Weirdness & Mutations

You are small and have problems with some larger weapons.
You are completely attuned to the shadows.
Your magical capacity is low. (-10% MP)


Message History

The wolf completely misses you. The wraith barely misses you.
The ice beast completely misses you.
The centaur wields a +0 shortbow.
The centaur shoots an arrow.
The arrow completely misses you.
The arrow barely misses the ice beast.
The wolf closely misses you. The ice beast completely misses you.
The wraith barely misses you. The wolf misses you.
The centaur shoots an arrow.
The arrow completely misses you.
The arrow hits the ice beast!
You slash the wraith!
The wraith is severely damaged.
The wolf bites you but does no damage.
An ice beast comes into view.
The wraith hits you! The wraith drains your vigour!
You feel as though you will be slow longer.
The ice beast misses you. The wolf misses you.
The centaur shoots an arrow.
The arrow hits you. The ice beast closely misses you. The wraith misses you.
The wolf barely misses you.
You closely miss the ice beast.
The ice beast is severely wounded.
The centaur shoots an arrow.
The arrow completely misses you. The wolf barely misses you.
The centaur shoots an arrow.
The arrow hits you but does no damage. The wolf closely misses you.
The ice beast barely misses you. The wraith hits you but does no damage.
The centaur shoots an arrow.
The arrow closely misses you. The wraith hits you but does no damage.
The wolf completely misses you. The ice beast hits you.
The ice beast freezes you!
* * * LOW HITPOINT WARNING * * *
You fade into invisibility!
The wolf completely misses you.
The centaur shoots an arrow.
The arrow completely misses you. The wraith completely misses you.
The wolf completely misses you. The ice beast closely misses you.
The centaur shoots an arrow.
The arrow closely misses the ice beast.
The arrow completely misses you.
You feel very mighty all of a sudden. The wolf bites you!
* * * LOW HITPOINT WARNING * * *
The centaur shoots an arrow.
The arrow barely misses the ice beast.
The arrow completely misses you. The ice beast completely misses you. x2
The wolf misses you. The wraith completely misses you.
The ice beast barely misses you. The wolf bites you.
You die...

#### #############
...# ##.....#.....#
...# ##.............
..†####.......cY@Y...
......#........YhW...
...##................
...####....#..#..#...
#### #............#.
#.#.........
#......##.#
##.........W
#....#.#....


You could see a wraith, 3 ice beasts, a wolf and a centaur (unable to see you).

Vanquished Creatures
  Pikel (D:6)
  2 kobold demonologists (D:8)
  Maggie (D:6)
  Prince Ribbit (D:6)
  A hornet (D:8)
  Grinder (D:6)
  Sigmund (D:2)
  A yak (D:8)
  A steam dragon (D:7)
  2 water moccasins
  2 sky beasts
  2 orc warriors
  6 ice beasts
  A wolf (D:9)
  2 centaurs
  4 ogres
  9 kobold brigands
  A bullfrog (D:6)
  2 scorpions
  3 necrophages
  8 killer bees
  5 howler monkeys (D:8)
  A hound (D:6)
  7 orc priests
  A gnoll bouda (D:7)
  6 iguanas
  6 orc wizards
  4 gnolls (D:7)
  13 adders
  2 shadow imps
  3 white imps
  2 ufetubi (D:4)
  3 dart slugs
  34 orcs
  5 ball pythons
  2 bats
  8 endoplasms
  A giant cockroach (D:1)
  9 goblins
  11 hobgoblins
  3 jackals (D:4)
  7 quokkas
  18 kobolds
  8 rats
211 creatures vanquished.

Notes
Turn   | Place    | Note
-------+----------+-------------------------------------------
     0 | D:1      | wormed the Kobold Brigand began the quest for the Orb.
     0 | D:1      | Reached XP level 1. HP: 12/12 MP: 1/1
    59 | D:1      | Reached XP level 2. HP: 18/18 MP: 2/2
   476 | D:1      | Reached XP level 3. HP: 22/22 MP: 3/3
   851 | D:2      | Noticed Sigmund
   860 | D:2      | Killed Sigmund
   861 | D:2      | Reached skill level 5 in Short Blades
   861 | D:2      | Reached skill level 6 in Stealth
   861 | D:2      | Reached XP level 4. HP: 28/28 MP: 4/4
   861 | D:2      | Reached XP level 5. HP: 32/32 MP: 5/5
   861 | D:2      | Reached XP level 6. HP: 37/37 MP: 6/6
  1478 | D:3      | Identified the +10 long sword of Usaufeo {venom, *Corrode
                  | rN+++ Str+5}
  1860 | D:3      | Reached XP level 7. HP: 42/42 MP: 7/7
  2265 | D:4      | Reached skill level 7 in Stealth
  2608 | D:4      | Found a shadowy altar of Dithmenos.
  2722 | D:5      | Entered Level 5 of the Dungeon
  2750 | D:5      | Noticed a water moccasin
  2756 | D:5      | Killed a water moccasin
  2902 | D:5      | Reached XP level 8. HP: 38/48 MP: 8/8
  3834 | D:5      | Identified a scroll of acquirement
  3834 | D:5      | Acquired 717 gold pieces
  3860 | D:6      | Reached skill level 5 in Dodging
  3860 | D:6      | Reached skill level 8 in Stealth
  3864 | D:6      | Reached skill level 5 in Fighting
  3866 | D:6      | Noticed Prince Ribbit
  3873 | D:6      | Killed Prince Ribbit
  3936 | D:6      | Reached XP level 9. HP: 53/54 MP: 9/9
  4024 | D:6      | Noticed Pikel
  4034 | D:6      | Killed Pikel
  4035 | D:6      | Reached skill level 9 in Stealth
  4140 | D:6      | Reached skill level 10 in Short Blades
  4451 | D:6      | Noticed Maggie
  4460 | D:6      | Killed Maggie
  4487 | D:6      | Noticed Grinder
  4495 | D:6      | Killed Grinder
  4572 | D:6      | Reached skill level 10 in Stealth
  4607 | D:6      | Found a staircase to the Ecumenical Temple.
  4646 | Temple   | Entered the Ecumenical Temple
  4720 | Temple   | Became a worshipper of Uskayaw the Reveller
  4937 | D:6      | Reached * piety under Uskayaw
  5525 | D:7      | Reached ** piety under Uskayaw
  5527 | D:7      | Reached *** piety under Uskayaw
  5557 | D:7      | Reached XP level 10. HP: 63/63 MP: 10/10
  5990 | D:7      | Found a shimmering blue altar of Sif Muna.
  5990 | D:7      | Found a burning altar of Makhleb.
  6229 | D:7      | Reached **** piety under Uskayaw
  6415 | D:7      | Found Laoteur's Tremendous Tomes.
  6580 | D:7      | Reached skill level 11 in Stealth
  6801 | D:8      | Reached skill level 1 in Invocations
  7022 | D:8      | Reached ***** piety under Uskayaw
  7555 | D:8      | Noticed a kobold demonologist
  7559 | D:8      | Noticed a soul eater
  7561 | D:8      | Noticed a kobold demonologist
  7561 | D:8      | Gained mutation: Your magical capacity is low. (-10% MP) [a
                  | neqoxec]
  7563 | D:8      | Killed a kobold demonologist
  7564 | D:8      | Killed a kobold demonologist
  7565 | D:8      | Reached skill level 12 in Stealth
  7565 | D:8      | Reached XP level 11. HP: 29/69 MP: 11/13
  8082 | D:8      | Reached skill level 5 in Invocations
  8212 | D:9      | Noticed Harold
  8231 | D:9      | Found a staircase to the Lair.
  8421 | D:9      | Slain by a wolf

Illustrated notes

Levels and vault maps discovered:
D:1:      roderic_crossed_star, layout_basic, dk_noncrumbling_2, feat_on_display
D:2:      layout_rooms, uniq_sigmund
D:3:      wander_river, layout_basic
D:4:      layout_cave_pools, lemuel_tele_altar, kennysheep_small_circle
D:5:      layout_basic
D:6:      layout_layer_cave, minmay_temple_entry_overgrown, roderic_malta_cross,
          uniq_grinder, uniq_maggie, uniq_prince_ribbit1, uniq_pikel
D:7:      layout_basic, gammafunk_temple_overflow_statue,
          nicolae_shop_i_like_big_books
D:8:      minmay_recursive_quarters, layout_basic
D:9:      layout_rooms, hellmonk_lair_entry_icy, enter_bailey_5, uniq_harold,
          uniq_erolcha
Temple:   dpeg_three_leaves_temple

Skill      XL: |  1  2  3  4  5  6  7  8  9 10 11 |
---------------+----------------------------------+-----
Short Blades   | 3 5 6 7 9 10 | 10.0
Dodging        | 3 4 5 7 9 |  9.4
Fighting       | 3 4 5 7 8 |  8.8
Stealth        | 6 7 8 10 12 | 12.2
Invocations    | 4 5 |  5.5
Throwing       | |  2.1

Action                   |  1- 3 |  4- 6 |  7- 9 | 10-12 || total
-------------------------+-------+-------+-------+-------++-------
Melee: Dagger            |    58 |    73 |       |       ||   131
       Punch             |     2 |     1 |     4 |     1 ||     8
       Long sword        |       |     5 |   153 |   200 ||   358
Throw: Dart              |     4 |       |       |       ||     4
  Use: Scroll            |     4 |     2 |     7 |     4 ||    17
       Potion            |       |       |       |     5 ||     5
 Stab: Sleeping          |    19 |    11 |    27 |    18 ||    75
       Distracted        |       |       |     2 |       ||     2
       Paralysed         |       |       |       |     9 ||     9
Armor: Robe              |     9 |       |       |       ||     9
       Leather armour    |       |     6 |    12 |       ||    18
       Steam dragon scal |       |       |     1 |    56 ||    57
Dodge: Dodged            |    22 |    41 |   121 |   371 ||   555

Table legend: (Time is in decaauts)
 A = Elapsed time spent in this place.
 B = Non-inter-level travel time spent in this place.
 C = Inter-level travel time spent in this place.
 D = Time resting spent in this place.
 E = Time spent auto-exploring this place.
 F = Levels seen in this place.
 G = Mean time per level.
                   A        B        C        D        E       F      G
               +--------+--------+--------+--------+--------+-----+--------+
         Total |   8512 |   8225 |    287 |      0 |   6819 |  10 |  851.2 |
       Dungeon |   8430 |   8149 |    281 |      0 |   6768 |   9 |  936.7 |
        Temple |     81 |     75 |      6 |      0 |     51 |   1 |   81.0 |
               +--------+--------+--------+--------+--------+-----+--------+

Top non-repeatable levels by time:
     D:8: 1603 daAuts
     D:6: 1529 daAuts
     D:7: 1184 daAuts
     D:5: 1142 daAuts
     D:3: 819 daAuts
     D:1: 805 daAuts
     D:4: 606 daAuts
     D:2: 508 daAuts
     D:9: 231 daAuts
  Temple: 81 daAuts
